 Dungeon Crawl Stone Soup version 0.30.2 (webtiles) character file.

Game seed: 14012401544755081988

2465 porpoise the Cleaver (level 9, -1/82 HPs)
             Began as a Hill Orc Fighter on Feb 22, 2024.
             Slain by an ogre
             ... wielding a +0 giant spiked club
              (16 damage)
             ... on level 6 of the Dungeon.
             The game lasted 00:15:34 (6198 turns).

porpoise the Cleaver (Hill Orc Fighter)             Turns: 6198, Time: 00:15:35

Health: -1/82      AC: 12    Str: 23    XL:     9   Next: 50%
Magic:  9/9        EV:  9    Int:  8    God:
Gold:   564        SH: 12    Dex: 10    Spells: 8/8 levels left

rFire   . . .        a - +2 war axe (elec)
rCold   . . .        e - +2 buckler
rNeg    . . .        p - +0 scale mail
rPois   .            s - +0 helmet
rElec   .            d - +0 cloak
rCorr   +            h - +0 pair of gloves
SInv    .            D - +1 pair of boots
Will    .....        r - amulet of reflection Stlth
                     t - ring of resist corrosion
HPRegen 0.33/turn    (no ring)
MPRegen 0.11/turn

%: reflection
@: no status effects
A: no striking features
a: no special abilities


You were on level 6 of the Dungeon.
You visited 1 branch of the dungeon, and saw 6 of its levels.
You also visited: Ossuary.

You collected 564 gold pieces.

Inventory:

Hand Weapons
 a - a +2 war axe of electrocution (weapon)
 b - a +0 sling
 w - a +2 war axe of venom
Missiles
 A - 4 javelins (quivered)
Armour
 d - a +0 cloak (worn)
 e - a +2 buckler (worn)
 h - a +0 pair of gloves (worn)
 p - a +0 scale mail (worn)
 s - a +0 helmet (worn)
 D - a +1 pair of boots (worn)
Jewellery
 r - an amulet of reflection (around neck)
 t - a ring of resist corrosion (left hand)
 C - a +6 ring of dexterity
Wands
 f - a wand of iceblast (6)
Scrolls
 i - 2 scrolls of vulnerability
 m - 2 scrolls of identify
 q - a scroll of poison
 B - a scroll of noise
 E - 3 scrolls of amnesia
Potions
 c - a potion of attraction
 g - 2 potions of curing
 k - 5 potions of haste
 l - 7 potions of mutation
 n - 3 potions of brilliance
 o - a potion of heal wounds
 u - a potion of berserk rage
 v - 3 potions of might


   Skills:
 + Level 8.4 Fighting
 * Level 11.8 Axes
 - Level 3.2 Armour
 - Level 7.0 Shields
 + Level 2.3 Evocations


You had 8 spell levels left.
You didn't know any spells.
Your spell library contained the following spells:

 Spells                   Type           Power      Damage    Failure   Level
 Summon Small Mammal      Summ           0%         N/A       77%         1
 Blink                    Tloc           0%         N/A       88%         2
 Lesser Beckoning         Tloc           0%         N/A       88%         2
 Momentum Strike          Conj/Tloc      0%         3d8       88%         2
 Scorch                   Fire           0%         2d5       88%         2
 Sublimation of Blood     Necr           0%         N/A       88%         2
 Call Canine Familiar     Summ           0%         N/A       98%         3
 Mephitic Cloud           Conj/Pois/Air  0%         N/A       98%         3
 Portal Projectile        Hex/Tloc       0%         N/A       98%         3
 Summon Guardian Golem    Hex/Summ       0%         N/A       98%         3
 Tukima's Dance           Hex            0%         N/A       98%         3
 Petrify                  Tmut/Erth      0%         N/A       100%        4
 Blade Hands              Tmut           0%         N/A       100%        5
 Irradiate                Conj/Tmut      0%         3d11      100%        5
 Plasma Beam              Fire/Air       0%         2x1d11    100%        6


Dungeon Overview and Level Annotations

Branches:
Dungeon (6/15)            Ossuary (visited)
 Temple: D:4-7

Altars:
Cheibriados
Hepliaklqana
Kikubaaqudgha

Shops:
D:2 :   D:4 *


Message History

Press: ? - help, Q - select action, (/) - cycle Shift-Dir - straight line, f - ogre
Aim: an ogre, wielding a +0 giant spiked club (wandering, hasn't noticed you, 75% to hit)
You throw a poisoned dart. The poisoned dart hits the ogre.
The ogre is poisoned.
Throw: dart (poison)
Press: ? - help, Q - select action, (/) - cycle Shift-Dir - straight line, f/p - ogre
Aim: an ogre, wielding a +0 giant spiked club (lightly wounded, poisoned, 75% to hit)
You throw a poisoned dart. The poisoned dart hits the ogre.
The ogre is lightly wounded.
Your +2 war axe of venom stops dripping with poison.
You hear the crackle of electricity.
a - a +2 war axe of electrocution (weapon)
You are too injured to fight recklessly!
Your +2 war axe of electrocution stops crackling.
b - a +0 sling (weapon)
You are too injured to fight recklessly!
Fire: b) +0 sling
Press: ? - help, Q - select action, (/) - cycle Shift-Dir - straight line, f/p - ogre
Aim: an ogre, wielding a +0 giant spiked club (lightly wounded, poisoned, 73% to hit)
You shoot a sling bullet.
The sling bullet hits the ogre but does no damage.
The ogre is lightly wounded.
You hear the crackle of electricity.
a - a +2 war axe of electrocution (weapon)
You hit the ogre.
The ogre is moderately wounded.
You block the ogre's attack.
You hit the ogre.
The ogre is moderately wounded.
You barely miss the ogre.
The ogre is moderately wounded.
The ogre looks more healthy.
The ogre hits you with a +0 giant spiked club!
* * * LOW HITPOINT WARNING * * *
You slice the ogre!!
The ogre is almost dead.
You hit the ogre.
The ogre is almost dead.
The ogre hits you with a +0 giant spiked club!
You die...

##.### **,,,,,**,, #...#
*#.,***,,,,, ##..# *#..** ******
##* #..# *#.(#* ..* #..# *#.(#*
..* #..# *#.(#* ##* #..# *#..#*
#..####.(#* #..##O@)#*
********#....).##
*,,....((.....##
**,,...........#*
*..*######......# ##..**
##......## ...,.#####........##
.#*,...............############
.#**#...................##....###


You could see an ogre.

Vanquished Creatures
  A two-headed ogre (D:6)
  Grinder (D:2)
  2 black bears
  2 ogres (D:6)
  A phantom (D:6)
  A bullfrog (D:6)
  4 scorpions
  A howler monkey (D:6)
  2 jellies (D:6)
  2 orc priests (D:5)
  Crazy Yiuf (D:3)
  A gnoll bouda (D:6)
  3 hounds
  2 iguanas
  2 sleepcaps (D:6)
  6 orc wizards
  8 mummies (Ossuary)
  Robin (D:2)
  4 adders
  8 gnolls
  An ufetubus (D:6)
  A worm (D:4)
  7 dart slugs
  23 orcs
  6 bats
  4 bat zombies (D:3)
  6 endoplasms
  3 giant cockroaches (D:1)
  2 gnoll zombies (Ossuary)
  28 goblins
  21 hobgoblins
  4 jackals (D:1)
  11 kobolds
  A quokka (D:5)
  4 ball pythons
  3 frilled lizards
  3 hobgoblin zombies (Ossuary)
  2 kobold zombies (Ossuary)
  An orc zombie (Ossuary)
  7 rats
  3 rat zombies (D:3)
194 creatures vanquished.

Notes
Turn   | Place    | Note
-------+----------+-------------------------------------------
     0 | D:1      | porpoise the Hill Orc Fighter began the quest for the Orb.
     0 | D:1      | Reached XP level 1. HP: 19/19 MP: 1/1
   101 | D:1      | Reached skill level 3 in Axes
   110 | D:1      | Reached XP level 2. HP: 26/27 MP: 2/2
   570 | D:1      | Reached XP level 3. HP: 33/33 MP: 3/3
   826 | D:2      | Reached skill level 4 in Axes
  1086 | D:2      | Found Farissek's Vocational Training.
  1092 | D:2      | Reached XP level 4. HP: 36/40 MP: 4/4
  1642 | D:3      | Noticed Grinder
  1649 | D:3      | Noticed Robin
  1707 | D:2      | Killed Robin
  1707 | D:2      | Paralysed by Grinder for 4 turns
  1715 | D:2      | Paralysed by Grinder for 3 turns
  1717 | D:2      | HP: 2/41 [Grinder (4)]
  1722 | D:2      | Killed Grinder
  1723 | D:2      | Reached skill level 5 in Fighting
  1723 | D:2      | Reached skill level 6 in Axes
  1723 | D:2      | Reached XP level 5. HP: 12/48 MP: 5/5
  1723 | D:2      | Reached XP level 6. HP: 14/56 MP: 6/6
  2003 | D:3      | Found a runed translucent door.
  2004 | D:3      | Noticed Crazy Yiuf
  2922 | D:3      | Found an ancient bone altar of Kikubaaqudgha.
  3219 | D:3      | Killed Crazy Yiuf
  3377 | D:4      | Reached skill level 7 in Axes
  3377 | D:4      | Reached skill level 5 in Shields
  3377 | D:4      | Reached XP level 7. HP: 38/61 MP: 7/7
  3515 | D:4      | Found Huobreel's Serpentskin Sales.
  3562 | D:4      | Found a hazy altar of Hepliaklqana.
  3620 | D:4      | Got Pistrem's Compilation of Sizzling Envenoming
  4125 | D:5      | Entered Level 5 of the Dungeon
  4356 | D:5      | Reached skill level 8 in Axes
  4505 | D:5      | Reached XP level 8. HP: 52/71 MP: 8/8
  4695 | D:5      | Reached skill level 9 in Axes
  4932 | D:5      | Found a snail-covered altar of Cheibriados.
  5260 | D:6      | Reached skill level 10 in Axes
  5294 | D:6      | Found a sand-covered staircase.
  5309 | Ossuary  | Entered an ossuary
  6023 | D:6      | Reached XP level 9. HP: 74/79 MP: 9/9
  6166 | D:6      | Noticed a two-headed ogre
  6182 | D:6      | Reached skill level 11 in Axes
  6182 | D:6      | Killed a two-headed ogre
  6198 | D:6      | Slain by an ogre

Illustrated notes

Levels and vault maps discovered:
D:1:      dpeg_arrival_tiny_a, layout_basic
D:2:      layout_loops_ring, minmay_large_rounded_square,
          nicolae_shop_vocational
D:3:      layout_basic, lemuel_zombie_altar_kikubaaqudgha,
          serial_co_window_serial, co_window_paths_b, co_window_paths_b,
          co_window_paths_a, co_window_of_opportunity_a, co_window_paths_a,
          co_window_of_opportunity_c, co_window_2corner,
          co_window_of_opportunity_c, co_window_paths_c, co_window_broadway_b,
          co_window_sun, chequers_hall_statues_wall_a, uniq_crazy_yiuf_cottage,
          uniq_robin, uniq_grinder
D:4:      corexii_shantytown, layout_rooms, mainiacjoe_overflow_six_doors_small,
          guppyfry_shop_venom
D:5:      layout_basic, kennysheep_slug_shrine, serial_curves, eino_curves_03,
          eino_curves_02, minivault_4
D:6:      layout_layer_cave, enter_ossuary_2

Skill      XL: |  1  2  3  4  5  6  7  8  9 |
---------------+----------------------------+-----
Axes           | 3 4 6 7 8 10 11 | 11.8
Fighting       | 4 5 6 7 8 |  8.4
Shields        | 4 5 6 7 |  7.0
Evocations     | 2 |  2.3
Armour         | |  3.2

Action                     |  1- 3 |  4- 6 |  7- 9 || total
---------------------------+-------+-------+-------++-------
  Melee: War axe           |   142 |   123 |   243 ||   508
   Fire: Sling             |       |    18 |    47 ||    65
  Throw: Dart              |       |       |     9 ||     9
    Use: Potion            |     1 |     1 |     1 ||     3
         Scroll            |       |       |    18 ||    18
 Armour: Scale mail        |    56 |    55 |    72 ||   183
  Dodge: Dodged            |    67 |    31 |    53 ||   151
  Block: Buckler           |    45 |    69 |   125 ||   239
         Reflection        |       |     1 |     2 ||     3
